 Dungeon Crawl Stone Soup version 0.25.1-3-ge44b62a0b3 (webtiles) character file.

Game seed: 17575475207159753183

4127 ANNNA the Thaumaturge (level 10, 0/51 HPs)
             Began as a Deep Elf Venom Mage on Nov 21, 2020.
             Was a Follower of Sif Muna.
             Slain by a wraith (5 damage)
             ... on level 8 of the Dungeon.
             The game lasted 00:31:58 (11539 turns).

ANNNA the Thaumaturge (Deep Elf Venom Mage)        Turns: 11539, Time: 00:31:59

Health: 0/51       AC:  3    Str: 14    XL:     10   Next: 6%
Magic:  20/27      EV: 14    Int: 21    God:    Sif Muna [*.....]
Gold:   406        SH:  0    Dex: 15    Spells: 19/32 levels left

rFire    . . .     SeeInvis .   i - +0 dagger
rCold    . . .     Gourm    .   (no shield)
rNeg     . . .     Faith    .   w - +0 robe
rPois    .         Spirit   .   (no helmet)
rElec    .         Reflect  .   y - +0 cloak
rCorr    .         Harm     .   (no gloves)
MR       +....                  (no boots)
Stlth    ++........             (no amulet)
HPRegen  0.17/turn              q - +6 ring of strength
MPRegen  0.20/turn              (no ring)

@: slowed, very slow
A: no striking features
a: Channel Magic, Renounce Religion


You were on level 8 of the Dungeon.
You worshipped Sif Muna.
Sif Muna was aware of your devotion.
You were not hungry.

You visited 2 branches of the dungeon, and saw 9 of its levels.
You also visited: Sewer.

You collected 406 gold pieces.

Inventory:

Hand Weapons
 i - a +0 dagger (weapon)
Missiles
 g - 146 stones (quivered)
Armour
 a - a +0 robe
 w - a +0 robe (worn)
 y - a +0 cloak (worn)
Jewellery
 q - a +6 ring of strength (left hand)
 F - an uncursed ring of protection from fire {unknown}
 I - an uncursed ring of wizardry
 J - an uncursed amulet of faith
Wands
 f - a wand of random effects (10)
 u - a wand of polymorph (1)
 B - a wand of paralysis (6)
 D - a wand of flame (6)
Scrolls
 d - 2 scrolls of identify
 e - 2 scrolls of amnesia {unknown}
 l - 2 scrolls of enchant armour {unknown}
 o - 2 scrolls of magic mapping {unknown}
 p - 5 scrolls of remove curse
 v - 4 scrolls of teleportation
 x - 2 scrolls of fear {unknown}
 A - a scroll of noise {unknown}
 C - 2 scrolls of immolation {unknown}
Potions
 b - 2 potions of berserk rage {unknown}
 h - 4 potions of curing
 j - 3 potions of stabbing
 k - a potion of invisibility {unknown}
 m - a potion of ambrosia {unknown}
 n - a potion of magic {unknown}
 r - 2 potions of flight {unknown}
 s - 3 potions of lignification {unknown}
 t - 2 potions of brilliance {unknown}
 z - a potion of heal wounds {unknown}
 E - a potion of might {unknown}
 G - a potion of mutation {unknown}
Comestibles
 c - 6 rations
 H - a chunk of flesh


   Skills:
 + Level 0.3 Fighting
 + Level 1.1 Short Blades
 + Level 0.2 Throwing
 + Level 3.9 Dodging
 + Level 3.6 Stealth
 + Level 1.0 Unarmed Combat
 + Level 11.5 Spellcasting
 + Level 1.6 Conjurations
 + Level 6.0 Transmutations
 + Level 2.0 Fire Magic
 + Level 4.7 Air Magic
 + Level 8.9 Poison Magic


You had 19 spell levels left.
You knew the following spells:

 Your Spells              Type           Power        Failure   Level  Hunger
a - Sting                 Tmut/Pois      ####         1%          1    None
b - Poisonous Vapours     Pois/Air       #####.       1%          2    None
c - Ignite Poison         Fire/Tmut/Pois #####...     1%          3    None
d - Mephitic Cloud        Conj/Pois/Air  ####....     1%          3    None
e - Olgreb's Toxic Radia  Pois           #####...     1%          4    #......

Your spell library contained the following spells:

 Spells                   Type           Power        Failure   Level  Hunger


Dungeon Overview and Level Annotations

Branches:
Dungeon (8/15)             Temple (1/1) D:6           Sewer (visited)
   Lair: D:8-11

Altars:
Ashenzari
Cheibriados
Dithmenos
Elyvilon
Fedhas
Gozag
Hepliaklqana
Kikubaaqudgha
Makhleb
Nemelex Xobeh
Okawaru
Qazlal
Ru
Sif Muna
Trog
Uskayaw
Vehumet
Wu Jian
Xom
Zin
The Shining One

Shops:
D:4 :

Annotations:
D:3 1 runed translucent door, Crazy Yiuf
D:8 Gastronok


Message History

Aim: a wraith The puff of flame hits the wraith but does no damage.
The wraith hits you!
* * * LOW HITPOINT WARNING * * *
Evoke which item? (* to show all) (? for menu, Esc to quit)
That's the wrong kind of item! (Use * to select it.) Evoke which item? (* to show all) (? for menu, Esc to quit)
That's the wrong kind of item! (Use * to select it.) Evoke which item? (* to show all) (? for menu, Esc to quit)
That's the wrong kind of item! (Use * to select it.) Evoke which item? (* to show all) (? for menu, Esc to quit)
You don't have any such object.
Evoke which item? (* to show all) (? for menu, Esc to quit)
You don't have any such object.
Evoke which item? (* to show all) (? for menu, Esc to quit)
Aiming: Polymorph
Press: ? - help, Shift-Dir - straight line, f/p - wraith
Aim: a wraith (not susceptible)
The wraith is unaffected.
The wraith hits you.
You die...

.. .. .# ..##.# #####
.....# #@#Z# .#....
+#+#+#W#+#####......
.........).+.......##
#+#+#+#+#'###........
#.##8....#...
#########....#
#.....<....###
#....#.##### #....###


You could see a wraith.

Vanquished Creatures
  A two-headed ogre (D:6)
  5 yaks (D:7)
  A water moccasin (D:6)
  4 sky beasts
  A centaur (D:6)
  4 ogres
  5 bullfrogs
  A gnoll sergeant (D:7)
  3 scorpions
  A wight (D:8)
  A howler monkey (D:5)
  2 bullfrog zombies
  4 crimson imps
  The ghost of kalodont the Sneak, a weakling KoEn (D:3)
  2 bullfrog skeletons (D:7)
  5 hounds
  A jelly (D:5)
  An orc priest (D:4)
  Ijyb (D:5)
  A human zombie (D:8)
  3 iguanas
  Natasha (thrice) (D:3)
  An orc wizard (D:4)
  4 worker ants
  18 adders
  10 gnolls
  2 river rats (D:4)
  A shadow imp (D:7)
  7 oozes (Sewer)
  An adder skeleton (D:4)
  4 worms
  3 dart slugs
  15 leopard geckos
  6 orcs
  9 ball pythons
  15 giant cockroaches
  5 goblins
  10 hobgoblins
  6 jackals
  3 quokkas
  5 bats
  18 frilled lizards
  A jackal skeleton (D:4)
  A jackal zombie (D:6)
  3 kobolds
  An orc zombie (D:8)
  9 rats
209 creatures vanquished.

Notes
Turn   | Place    | Note
-------+----------+-------------------------------------------
     0 | D:1      | ANNNA the Deep Elf Venom Mage began the quest for the Orb.
     0 | D:1      | Reached XP level 1. HP: 10/10 MP: 6/6
   281 | D:1      | Reached XP level 2. HP: 14/15 MP: 4/8
   285 | D:1      | Learned a level 2 spell: Poisonous Vapours
   899 | D:2      | Reached XP level 3. HP: 19/19 MP: 3/10
   904 | D:2      | Learned a level 3 spell: Ignite Poison
   908 | D:2      | Learned a level 3 spell: Mephitic Cloud
  1014 | D:2      | Reached skill level 4 in Spellcasting
  1486 | D:2      | Reached skill level 1 in Air Magic
  1840 | D:2      | Reached XP level 4. HP: 14/24 MP: 3/12
  2250 | D:3      | Noticed Natasha
  2291 | D:3      | Killed Natasha
  2291 | D:3      | Reached skill level 5 in Spellcasting
  2530 | D:3      | Noticed Natasha
  2540 | D:3      | Killed Natasha
  2540 | D:3      | Reached XP level 5. HP: 28/28 MP: 10/14
  2574 | D:3      | Noticed Natasha
  2578 | D:3      | Killed Natasha
  2578 | D:3      | Reached skill level 1 in Unarmed Combat
  2738 | D:3      | Found a large runed translucent door.
  2739 | D:3      | Found a large runed translucent door.
  2742 | D:3      | Noticed kalodont's ghost (weakling KoEn)
  2801 | D:3      | Killed kalodont's ghost
  2981 | D:3      | Found a runed translucent door.
  2982 | D:3      | Noticed Crazy Yiuf
  3572 | D:4      | Found Beutaeb's Book Emporium.
  3692 | D:4      | Noticed Grinder
  3762 | D:3      | Reached XP level 6. HP: 21/32 MP: 2/15
  4253 | D:4      | Reached skill level 6 in Spellcasting
  4295 | D:4      | Found a glowing drain.
  4299 | D:4      | Reached skill level 5 in Poison Magic
  4305 | Sewer    | Entered a sewer
  5372 | Sewer    | Learned a level 4 spell: Olgreb's Toxic Radiance
  5399 | Sewer    | Reached XP level 7. HP: 36/36 MP: 5/18
  5679 | D:4      | Paralysed by Grinder for 6 turns
  5691 | D:4      | Paralysed by Grinder for 2 turns
  5694 | D:4      | Noticed Grinder
  5694 | D:4      | Grinder changed into Grinder the crimson imp
  5714 | D:4      | Killed Grinder the crimson imp
  5714 | D:4      | Reached skill level 7 in Spellcasting
  6296 | D:5      | Entered Level 5 of the Dungeon
  6890 | D:5      | Noticed Ijyb
  6893 | D:5      | Killed Ijyb
  6896 | D:5      | Reached skill level 8 in Spellcasting
  7414 | D:6      | Reached XP level 8. HP: 41/41 MP: 14/22
  7556 | D:6      | Noticed a two-headed ogre
  7560 | D:6      | Killed a two-headed ogre
  7560 | D:6      | Reached skill level 9 in Spellcasting
  7560 | D:6      | Reached skill level 1 in Fire Magic
  8140 | D:6      | Reached skill level 10 in Spellcasting
  8140 | D:6      | Reached XP level 9. HP: 45/45 MP: 16/25
  8231 | D:6      | Reached skill level 1 in Conjurations
  8404 | D:6      | Reached skill level 5 in Transmutations
  8428 | D:6      | Found a staircase to the Ecumenical Temple.
  8435 | Temple   | Entered the Ecumenical Temple
  8931 | Temple   | Became a worshipper of Sif Muna the Loreminder
  9352 | D:7      | Found a stormy altar of Qazlal.
 10033 | D:7      | Reached skill level 1 in Short Blades
 10037 | D:7      | Reached skill level 11 in Spellcasting
 10843 | D:8      | Noticed Gastronok
 11134 | D:8      | Reached XP level 10. HP: 51/51 MP: 17/27
 11414 | D:8      | Reached * piety under Sif Muna
 11539 | D:8      | Slain by a wraith

Illustrated notes

Levels and vault maps discovered:
D:1:      erik_arrival_orb_chamber, layout_rooms
D:2:      layout_loops_cross
D:3:      layout_basic, ebering_ghost_disaster_area, uniq_natasha,
          uniq_crazy_yiuf_cottage
D:4:      layout_rooms, serial_shops, shop_statue, first_ration,
          gup_sewer_entry_bubbles, kennysheep_big_empty_room, uniq_grinder
D:5:      layout_basic, uniq_ijyb
D:6:      layout_rooms, minmay_temple_entry_mist
D:7:      layout_basic, grunt_qazlal_clouds
D:8:      layout_cave_pools, lemuel_mausoleum_altar_yredelemnul, serial_shops,
          shop, uniq_gastronok
Temple:   compressed_dpeg_triangle_lava_temple

Skill      XL: |  1  2  3  4  5  6  7  8  9 10 |
---------------+-------------------------------+-----
Spellcasting   | 4 5 6 8 10 11 | 11.5
Poison Magic   | 4 5 6 7 8 |  8.9
Air Magic      | 1 2 3 4 |  4.7
Transmutations | 2 3 4 6 |  6.0
Unarmed Combat | 1 |  1.0
Dodging        | 3 |  3.9
Stealth        | 3 |  3.6
Fire Magic     | 1 2 |  2.0
Conjurations   | 1 |  1.6
Short Blades   | 1 |  1.1
Fighting       | |  0.3
Throwing       | |  0.2

Action                   |  1- 3 |  4- 6 |  7- 9 | 10-12 || total
-------------------------+-------+-------+-------+-------++-------
Melee: Unarmed           |     1 |    10 |       |       ||    11
       Dagger            |     6 |    36 |    33 |    17 ||    92
       Punch             |       |       |     1 |       ||     1
Throw: Stone             |     1 |     2 |     8 |       ||    11
 Cast: Sting             |    45 |   105 |   124 |    16 ||   290
       Poisonous Vapours |    11 |    56 |    93 |     4 ||   164
       Ignite Poison     |       |     8 |    23 |     4 ||    35
       Mephitic Cloud    |       |     1 |     4 |     3 ||     8
Evoke: Wand              |       |       |     2 |     9 ||    11
  Use: Potion            |       |       |     1 |       ||     1
       Scroll            |       |       |     7 |       ||     7
 Stab: Sleeping          |     1 |       |       |       ||     1
  Eat: Chunk             |     3 |     8 |     7 |     2 ||    20
       Ration            |       |     1 |     3 |       ||     4
Armor: Robe              |     2 |    17 |    12 |     5 ||    36
Dodge: Dodged            |     7 |    97 |    91 |    13 ||   208
